%YAML 1.1
%TAG !u! tag:unity3d.com,2011:
--- !u!1 &4301313542540029696
GameObject:
  m_ObjectHideFlags: 0
  m_CorrespondingSourceObject: {fileID: 0}
  m_PrefabInstance: {fileID: 0}
  m_PrefabAsset: {fileID: 0}
  serializedVersion: 6
  m_Component:
  - component: {fileID: 4301313542540029710}
  - component: {fileID: 4301313542540029709}
  - component: {fileID: 4301313542540029698}
  - component: {fileID: 4301313542540029697}
  - component: {fileID: 2044054002}
  m_Layer: 9
  m_Name: Melee
  m_TagString: Untagged
  m_Icon: {fileID: 0}
  m_NavMeshLayer: 0
  m_StaticEditorFlags: 0
  m_IsActive: 1
--- !u!4 &4301313542540029710
Transform:
  m_ObjectHideFlags: 0
  m_CorrespondingSourceObject: {fileID: 0}
  m_PrefabInstance: {fileID: 0}
  m_PrefabAsset: {fileID: 0}
  m_GameObject: {fileID: 4301313542540029696}
  m_LocalRotation: {x: 0, y: 0, z: 0, w: 1}
  m_LocalPosition: {x: -10.55, y: 2.79, z: 3.5901737}
  m_LocalScale: {x: 1, y: 1, z: 1}
  m_Children:
  - {fileID: 543450652949053021}
  m_Father: {fileID: 0}
  m_RootOrder: 0
  m_LocalEulerAnglesHint: {x: 0, y: 0, z: 0}
--- !u!33 &4301313542540029709
MeshFilter:
  m_ObjectHideFlags: 0
  m_CorrespondingSourceObject: {fileID: 0}
  m_PrefabInstance: {fileID: 0}
  m_PrefabAsset: {fileID: 0}
  m_GameObject: {fileID: 4301313542540029696}
  m_Mesh: {fileID: 10206, guid: 0000000000000000e000000000000000, type: 0}
--- !u!54 &4301313542540029698
Rigidbody:
  m_ObjectHideFlags: 0
  m_CorrespondingSourceObject: {fileID: 0}
  m_PrefabInstance: {fileID: 0}
  m_PrefabAsset: {fileID: 0}
  m_GameObject: {fileID: 4301313542540029696}
  serializedVersion: 2
  m_Mass: 5
  m_Drag: 0
  m_AngularDrag: 0.05
  m_UseGravity: 0
  m_IsKinematic: 0
  m_Interpolate: 0
  m_Constraints: 112
  m_CollisionDetection: 0
--- !u!114 &4301313542540029697
MonoBehaviour:
  m_ObjectHideFlags: 0
  m_CorrespondingSourceObject: {fileID: 0}
  m_PrefabInstance: {fileID: 0}
  m_PrefabAsset: {fileID: 0}
  m_GameObject: {fileID: 4301313542540029696}
  m_Enabled: 1
  m_EditorHideFlags: 0
  m_Script: {fileID: 11500000, guid: 4bde5d8e929e0034797f5eaa21072e1d, type: 3}
  m_Name: 
  m_EditorClassIdentifier: 
  maxHealth: 75
  normalDamage: 5
  speed: 7
  range: 1.5
  attackSpeed: 1
--- !u!65 &2044054002
BoxCollider:
  m_ObjectHideFlags: 0
  m_CorrespondingSourceObject: {fileID: 0}
  m_PrefabInstance: {fileID: 0}
  m_PrefabAsset: {fileID: 0}
  m_GameObject: {fileID: 4301313542540029696}
  m_Material: {fileID: 0}
  m_IsTrigger: 0
  m_Enabled: 1
  serializedVersion: 2
  m_Size: {x: 3, y: 0.2, z: 1}
  m_Center: {x: 0, y: 0, z: 0}
--- !u!1001 &793123254
PrefabInstance:
  m_ObjectHideFlags: 0
  serializedVersion: 2
  m_Modification:
    m_TransformParent: {fileID: 4301313542540029710}
    m_Modifications:
    - target: {fileID: -8679921383154817045, guid: b68915eae99688a42a6cee45f9d38e71,
        type: 3}
      propertyPath: m_RootOrder
      value: 0
      objectReference: {fileID: 0}
    - target: {fileID: -8679921383154817045, guid: b68915eae99688a42a6cee45f9d38e71,
        type: 3}
      propertyPath: m_LocalPosition.x
      value: 0
      objectReference: {fileID: 0}
    - target: {fileID: -8679921383154817045, guid: b68915eae99688a42a6cee45f9d38e71,
        type: 3}
      propertyPath: m_LocalPosition.y
      value: 0
      objectReference: {fileID: 0}
    - target: {fileID: -8679921383154817045, guid: b68915eae99688a42a6cee45f9d38e71,
        type: 3}
      propertyPath: m_LocalPosition.z
      value: 0
      objectReference: {fileID: 0}
    - target: {fileID: -8679921383154817045, guid: b68915eae99688a42a6cee45f9d38e71,
        type: 3}
      propertyPath: m_LocalRotation.w
      value: -0.08715578
      objectReference: {fileID: 0}
    - target: {fileID: -8679921383154817045, guid: b68915eae99688a42a6cee45f9d38e71,
        type: 3}
      propertyPath: m_LocalRotation.x
      value: 0
      objectReference: {fileID: 0}
    - target: {fileID: -8679921383154817045, guid: b68915eae99688a42a6cee45f9d38e71,
        type: 3}
      propertyPath: m_LocalRotation.y
      value: 0.9961947
      objectReference: {fileID: 0}
    - target: {fileID: -8679921383154817045, guid: b68915eae99688a42a6cee45f9d38e71,
        type: 3}
      propertyPath: m_LocalRotation.z
      value: -0
      objectReference: {fileID: 0}
    - target: {fileID: -8679921383154817045, guid: b68915eae99688a42a6cee45f9d38e71,
        type: 3}
      propertyPath: m_LocalEulerAnglesHint.x
      value: 0
      objectReference: {fileID: 0}
    - target: {fileID: -8679921383154817045, guid: b68915eae99688a42a6cee45f9d38e71,
        type: 3}
      propertyPath: m_LocalEulerAnglesHint.y
      value: 190
      objectReference: {fileID: 0}
    - target: {fileID: -8679921383154817045, guid: b68915eae99688a42a6cee45f9d38e71,
        type: 3}
      propertyPath: m_LocalEulerAnglesHint.z
      value: 0
      objectReference: {fileID: 0}
    - target: {fileID: 919132149155446097, guid: b68915eae99688a42a6cee45f9d38e71,
        type: 3}
      propertyPath: m_Name
      value: Moth
      objectReference: {fileID: 0}
    m_RemovedComponents: []
  m_SourcePrefab: {fileID: 100100000, guid: b68915eae99688a42a6cee45f9d38e71, type: 3}
--- !u!4 &543450652949053021 stripped
Transform:
  m_CorrespondingSourceObject: {fileID: -8679921383154817045, guid: b68915eae99688a42a6cee45f9d38e71,
    type: 3}
  m_PrefabInstance: {fileID: 793123254}
  m_PrefabAsset: {fileID: 0}
